 Dungeon Crawl Stone Soup version 0.21.1-1-g345015fe64 (webtiles) character file.

3343 murfs the Basher (level 9, -10/68 HPs)
             Began as a Demonspawn Gladiator on June 29, 2018.
             Was a Believer of Okawaru.
             Mangled by a yak (13 damage)
             ... on level 9 of the Dungeon.
             The game lasted 01:11:13 (8266 turns).

murfs the Basher (Demonspawn Gladiator)             Turns: 8266, Time: 01:11:18

Health: -10/68     AC:  5    Str: 17    XL:     9   Next: 72%
Magic:  0/9        EV: 17    Int:  9    God:    Okawaru [**....]
Gold:   398        SH:  0    Dex: 16    Spells: 8/8 levels left

rFire    . . .     SeeInvis .   F - +1 war axe (flame)
rCold    . . .     Gourm    .   (no shield)
rNeg     . . .     Faith    .   (no armour)
rPois    .         Spirit   +   c - +0 helmet
rElec    .         Reflect  .   (no cloak)
rCorr    +         Harm     .   i - +0 pair of gloves
MR       .....                  (no boots)
Stlth    ++........             g - amulet of regeneration
HPRegen  0.61/turn              G - ring of resist corrosion
MPRegen  0.11/turn              I - +2 ring of evasion

@: no status effects
A: molten scales 2, powered by death 1, magic shield
a: Heroism, Renounce Religion


You were on level 9 of the Dungeon.
You worshipped Okawaru.
Okawaru was pleased with you.
You were not hungry.

You visited 2 branches of the dungeon, and saw 10 of its levels.

You collected 398 gold pieces.

Inventory:

Hand Weapons
 a - a +0 short sword
 x - a +0 blowgun
 A - the +5 mace of Exoneration {antimagic, rF+}
   (You found it on level 7 of the Dungeon)

   It reduces the magical energy of the wielder, and disrupts the spells and
   magical abilities of those hit.
   Natural abilities and divine invocations are not affected.
   It protects you from fire.
 F - a +1 war axe of flaming (weapon)
 H - a +3 dire flail of protection
 L - a +0 falchion of protection
Missiles
 d - 3 throwing nets
 y - 66 poisoned needles
 D - 15 tomahawks (quivered)
Armour
 c - a +0 helmet (worn)
 i - a +0 pair of gloves (worn)
Jewellery
 g - an amulet of regeneration (around neck)
 B - an uncursed amulet of rage
 G - a ring of resist corrosion (left hand)
 I - a +2 ring of evasion (right hand)
Scrolls
 h - 7 scrolls of teleportation
 n - 2 scrolls of enchant armour
 s - 5 scrolls of remove curse
 C - a scroll of magic mapping
 E - 3 scrolls of identify
 K - 2 scrolls of fog
Potions
 e - a potion of haste {unknown}
 l - 2 potions of heal wounds
 m - 7 potions of curing
 o - 2 potions of flight {unknown}
 p - 3 potions of mutation {unknown}
 q - a potion of magic {unknown}
 r - 3 potions of invisibility {unknown}
 u - 2 potions of lignification {unknown}
 v - 2 potions of berserk rage
 z - a potion of degeneration {unknown}
 M - a potion of cancellation {unknown}
Books
 k - a book of Clouds

   Spells                             Type                      Level
   a - Poisonous Vapours              Poison/Air                   2
   b - Mephitic Cloud                 Conjuration/Poison/Air       3
   c - Conjure Flame                  Conjuration/Fire             3
   d - Freezing Cloud                 Conjuration/Ice/Air          6
   e - Ring of Flames                 Charms/Fire                  7
 w - a book of Air

   Spells                             Type                      Level
   a - Shock                          Conjuration/Air              1
   b - Swiftness                      Charms/Air                   2
   c - Static Discharge               Conjuration/Air              3
   d - Airstrike                      Air                          4
   e - Lightning Bolt                 Conjuration/Air              5
Comestibles
 b - 7 rations


   Skills:
 + Level 5.0 Fighting
 + Level 7.4(9.0) Axes
 * Level 8.0(9.3) Maces & Flails
 - Level 1.8 Throwing
 + Level 3.4 Armour
 + Level 4.6 Dodging
 - Level 0.1 Stealth


You had 8 spell levels left.
You didn't know any spells.

Dungeon Overview and Level Annotations

Branches:
Dungeon (9/15)             Temple (1/1) D:7
   Lair: D:8-11         Orc: D:9-12

Altars:
Ashenzari
Cheibriados
Dithmenos
Elyvilon
Fedhas
Gozag
Hepliaklqana
Kikubaaqudgha
Makhleb
Nemelex Xobeh
Okawaru
Qazlal
Sif Muna
Trog
Uskayaw
Vehumet
Wu Jian
Xom
Yredelemnul
Zin
The Shining One

Shops:
D:6 }   D:9 !


Innate Abilities, Weirdness & Mutations

You are mostly covered in molten scales. (AC +3)
You regenerate a little health from kills.
When hurt, damage is shared between your health and your magic reserves.


Message History

F - a +1 war axe of flaming (weapon)
The yak misses you. The yak barely misses you.
You slash the yak! You burn the yak.
The yak is moderately wounded.
You slash the yak! You burn the yak. You completely miss the yak.
You hit the yak. You burn the yak. The yak gores you! The yak gores you. x2
The yak misses you.
You hit the yak but do no damage.
The yak is moderately wounded.
You barely miss the yak. You hit the yak. You burn the yak.
You closely miss the yak. The yak completely misses you. The yak gores you!
* * * LOW HITPOINT WARNING * * *
The yak closely misses you. The yak barely misses you.
You slash the yak! You burn the yak.
The yak is heavily wounded.
You slash the yak! You burn the yak. You hit the yak but do no damage.
You hit the yak. You burn the yak. The yak gores you!
* * * LOW HITPOINT WARNING * * *
The yak closely misses you. The yak gores you!
You die...

#.))## ## #.####
##†.)# #. #....#
#...)# #. #...%#
#.#..## #.
#....####.#)..# #.
#....##...#.#.#####.
#....##.###.#.......
#YYY##...#....#####
#@Y........#.#..#.
#............#....
#.$........#.#.###
#..........#......
#....##....#..###.
##...##....#....#.
#∩..##.......<.#.
#...##.......####
#...##...#.......


You could see 4 yaks.

Vanquished Creatures
  A hippogriff (D:9)
  Sigmund (D:5)
  A yak (D:9)
  A hungry ghost (D:7)
  A water moccasin (D:8)
  Edmund (D:5)
  An ice beast (D:7)
  3 orc warriors
  3 ogres
  A phantom (D:4)
  A centaur (D:8)
  3 bullfrogs
  2 scorpions
  9 wights
  2 howler monkeys
  2 jellies
  4 orc priests
  9 orc wizards
  A hound (D:8)
  2 quasits (D:6)
  Crazy Yiuf (D:7)
  A bullfrog skeleton (D:4)
  5 worker ants
  A hound skeleton (D:7)
  8 gnolls
  10 adders
  2 shadow imps
  An ooze (D:2)
  An adder zombie (D:5)
  3 worms
  A dart slug (D:1)
  7 leopard geckos
  20 orcs
  5 giant cockroaches
  A goblin (D:3)
  8 hobgoblins
  3 quokkas
  4 bats
  3 frilled lizards
  6 kobolds
  A leopard gecko skeleton (D:7)
  A quokka skeleton (D:4)
  5 rats
147 creatures vanquished.

Notes
Turn   | Place    | Note
-------+----------+-------------------------------------------
     0 | D:1      | murfs the Demonspawn Gladiator began the quest for the Orb.
     0 | D:1      | Reached XP level 1. HP: 16/16 MP: 1/1
   829 | D:1      | Gained mutation: When hurt, damage is shared between your health and your magic reserves. [demonic ancestry]
   829 | D:1      | Reached XP level 2. HP: 22/22 MP: 2/2
  1597 | D:2      | Gained mutation: You are partially covered in molten scales. (AC +2) [demonic ancestry]
  1597 | D:2      | Reached XP level 3. HP: 27/27 MP: 3/3
  2082 | D:3      | Reached skill level 1 in Armour
  2082 | D:3      | Reached XP level 4. HP: 16/33 MP: 2/4
  2690 | D:3      | Reached XP level 5. HP: 36/38 MP: 3/5
  2748 | D:3      | Found an ancient bone altar of Kikubaaqudgha.
  3141 | D:4      | Reached skill level 5 in Axes
  3305 | D:4      | Reached XP level 6. HP: 22/46 MP: 2/6
  3859 | D:5      | Entered Level 5 of the Dungeon
  3926 | D:5      | Gained mutation: You are mostly covered in molten scales. (AC +3) [demonic ancestry]
  3926 | D:5      | Reached XP level 7. HP: 50/51 MP: 7/7
  4231 | D:5      | Found a deep blue altar of Sif Muna.
  4260 | D:5      | Found a glowing golden altar of the Shining One.
  4263 | D:5      | Noticed an angel
  4287 | D:5      | Found a basalt altar of Yredelemnul.
  4290 | D:5      | Noticed a profane servitor
  4331 | D:5      | Noticed Edmund
  4355 | D:5      | Killed Edmund
  4427 | D:5      | Found a bloodstained altar of Trog.
  4427 | D:5      | Noticed Sigmund
  4428 | D:5      | Found an iron altar of Okawaru.
  4571 | D:5      | Killed Sigmund
  4717 | D:6      | Reached skill level 1 in Maces & Flails
  4719 | D:6      | Reached XP level 8. HP: 58/58 MP: 8/8
  4774 | D:6      | Reached skill level 2 in Maces & Flails
  4804 | D:6      | Found a burning altar of Makhleb.
  4806 | D:6      | Found a hazy altar of Hepliaklqana.
  4814 | D:6      | Found a shattered altar of Ashenzari.
  4843 | D:6      | Reached skill level 3 in Maces & Flails
  4941 | D:6      | Found Akobe's Gadget Shoppe.
  4978 | D:6      | Found a shadowy altar of Dithmenos.
  5010 | D:6      | Found a snail-covered altar of Cheibriados.
  5683 | D:5      | Found a basalt altar of Yredelemnul.
  5685 | D:5      | Found a glowing golden altar of the Shining One.
  5759 | D:5      | Found a deep blue altar of Sif Muna.
  5808 | D:5      | Found a bloodstained altar of Trog.
  5809 | D:5      | Found an iron altar of Okawaru.
  5828 | D:5      | Became a worshipper of Warmaster Okawaru
  6061 | D:7      | Reached skill level 4 in Maces & Flails
  6185 | D:7      | Reached skill level 5 in Maces & Flails
  6290 | D:7      | Reached * piety under Okawaru
  6290 | D:7      | Gained mutation: You regenerate a little health from kills. [demonic ancestry]
  6290 | D:7      | Reached XP level 9. HP: 59/65 MP: 7/9
  6437 | D:7      | Found a runed door.
  6500 | D:7      | Found a staircase to the Ecumenical Temple.
  6690 | D:7      | Noticed Crazy Yiuf
  6693 | D:7      | Killed Crazy Yiuf
  6698 | D:7      | Got a scorched mace
  6699 | D:7      | Identified the +5 mace of Exoneration {antimagic, rF+} (You found it on level 7 of the Dungeon)
  6738 | D:7      | Reached skill level 6 in Maces & Flails
  6749 | Temple   | Entered the Ecumenical Temple
  7691 | D:8      | Reached skill level 7 in Maces & Flails
  7946 | D:9      | Noticed a troll
  7973 | D:9      | HP: 1/66 [troll (11)]
  7978 | D:8      | HP: 1/66 [troll (5)]
  8207 | D:9      | Reached ** piety under Okawaru
  8212 | D:9      | Reached skill level 5 in Fighting
  8243 | D:9      | Found Axo Cuse's Distillery.
  8259 | D:9      | Reached skill level 8 in Maces & Flails
  8266 | D:9      | HP: 3/68 [yak (11)]
  8266 | D:9      | Mangled by a yak

Skill      XL: |  1  2  3  4  5  6  7  8  9 |
---------------+----------------------------+-----
Axes           | 3 4 5 6 7 |  7.4
Dodging        | 3 4 |  4.6
Armour         | 1 2 3 |  3.4
Fighting       | 3 4 5 |  5.0
Maces & Flails | 1 5 8 |  8.0
Throwing       | |  1.8
Stealth        | |  0.1

Action                   |  1- 3 |  4- 6 |  7- 9 || total
-------------------------+-------+-------+-------++-------
Melee: War axe           |    92 |   180 |    41 ||   313
       Dire flail        |       |       |   253 ||   253
       Mace              |       |       |    94 ||    94
Throw: Tomahawk          |       |     1 |       ||     1
  Use: Scroll            |       |     8 |    10 ||    18
       Potion            |       |       |     3 ||     3
 Stab: Sleeping          |     1 |       |     2 ||     3
  Eat: Ration            |     1 |     2 |     5 ||     8
       Chunk             |       |     1 |     1 ||     2
Armor: Leather armour    |    30 |     1 |       ||    31
       Chain mail        |       |    16 |       ||    16
       Ring mail         |       |    49 |   105 ||   154
       Skin              |       |       |    35 ||    35
Dodge: Dodged            |    66 |    88 |   345 ||   499
